[Event "Titled Tuesday Blitz March 28 Early 2023"]
[White "ElDivis"]
[Black "Bongo Akanga Ndjila, Barthelemy"]
[BlackFideId "10609431"]
[WhiteElo "2448"]
[BlackElo "1768"]
[Result "1-0"]
[Round "04"]
[TimeControl "180+2"]
[Date "2023.03.28"]
[WhiteClock "0:00:12"]
[BlackClock "0:00:47"]

1. d4 d5 2. Nf3 e6 3. c4 a6 4. e3 Nf6 5. c5 Nc6 6. Be2 g6 7. O-O Bg7 8. a3 O-O 9. b4 Bd7 10. Bb2 Na7 11. Nc3 Nb5 12. a4 Nxc3 13. Bxc3 b6 14. Ne5 Ne4 15. Bb2 bxc5 16. Nxd7 Qxd7 17. bxc5 Qc6 18. a5 Qd7 19. Qc2 Rfb8 20. Rfb1 Rb4 21. f3 Nf6 22. Bc3 Rxb1+ 23. Rxb1 Qc6 24. Qb3 Nd7 25. Qb7 Qxb7 26. Rxb7 Nxc5 27. Rxc7 Na4 28. Be1 e5 29. dxe5 Bxe5 30. Rc6 d4 31. exd4 Bxd4+ 32. Kf1 Nc5 33. Bb4 Ne6 34. Bxa6 Rb8 35. Rc8+ Rxc8 36. Bxc8 Nc7 37. a6 Kg7 38. Bd6 Nb5 39. Bb8 Ba7 40. Bxa7 Nxa7 41. Bd7 Kf6 42. Ke2 Ke7 43. Ba4 Nc8 44. Bc6 Kd6 45. Be8 f6 46. Ke3 g5 47. g3 h6 48. Bb5 Kc5 49. Bd3 Kb6 50. Ke4 Nd6+ 51. Kd5 Ne8 52. Ke6 Nc7+ 53. Kxf6 Nd5+ 54. Kg6 Nb4 55. Be2 Nd5 56. Kxh6 Nc3 57. Bd3 Nd5 58. Kxg5 Nc7 59. f4 Kc5 60. f5 Kd4 61. Be2 Ke3 62. Bf1 Kf2 63. Bc4 Ke3 64. a7 Kd4 65. Be6 Kc5 66. Kf6 Kb6 67. Ke7 Kxa7 68. f6 1-0


[Site "https://www.chess.com"]

[Event "Titled Tuesday Blitz March 28 Early 2023"]
[White "Benevides Demasi, Joao Otavio"]
[Black "Gatterer, Florian"]
[WhiteFideId "30916224"]
[BlackFideId "811688"]
[WhiteElo "2115"]
[BlackElo "2221"]
[Result "0-1"]
[Round "04"]
[TimeControl "180+2"]
[Date "2023.03.28"]
[WhiteClock "0:00:16"]
[BlackClock "0:00:21"]

1. d3 d5 2. Nf3 Nf6 3. g3 g6 4. Bg2 Bg7 5. O-O O-O 6. c4 c5 7. Nc3 Nc6 8. a3 Bg4 9. Rb1 dxc4 10. dxc4 Bf5 11. Ra1 Qxd1 12. Rxd1 Bc2 13. Rd2 Bb3 14. Nd5 Bxc4 15. Nxf6+ Bxf6 16. Rd7 Bxe2 17. Rxb7 Rab8 18. Rc7 Na5 19. Bh6 Rfd8 20. Re1 Rxb2 21. Rxc5 Nb3 22. Rc7 Nd4 23. Nxd4 Bxd4 24. Rxe7 Bb5 25. Be3 Bxe3 26. R7xe3 Rdd2 27. Rf3 Re2 28. Ra1 Ra2 29. Rxa2 Rxa2 30. h4 h5 31. Kh2 Bd7 32. Rxf7 Kxf7 33. Bd5+ Be6 34. Bxa2 Bxa2 35. f3 Ke6 36. g4 Ke5 37. gxh5 gxh5 38. Kg3 Kf5 39. f4 a6 40. Kf3 Bd5+ 41. Kg3 Be4 42. a4 a5 43. Kf2 Bc2 44. Ke3 Bxa4 45. Kf3 Bc6+ 46. Kg3 a4 47. Kf2 a3 0-1


[Site "https://www.chess.com"]

[Event "Titled Tuesday Blitz March 28 Early 2023"]
[White "Hindermann, Felix"]
[Black "Sanchez, German"]
[WhiteFideId "1305212"]
[BlackFideId "4403959"]
[WhiteElo "2206"]
[BlackElo "1816"]
[Result "0-1"]
[Round "04"]
[TimeControl "180+2"]
[Date "2023.03.28"]
[WhiteClock "0:00:54"]
[BlackClock "0:00:52"]

1. e4 c5 2. c3 d6 3. d4 cxd4 4. cxd4 Nf6 5. Nc3 g6 6. Nf3 Bg7 7. Be2 O-O 8. O-O Nc6 9. Be3 Bg4 10. d5 Bxf3 11. Bxf3 Ne5 12. Be2 a6 13. Rc1 b5 14. f4 Nc4 15. Bxc4 bxc4 16. Bd4 Rb8 17. Rf2 h5 18. h3 Nd7 19. Bxg7 Kxg7 20. Qd4+ Kg8 21. Qxc4 Qb6 22. Qc6 Qe3 23. Nd1 Qe1+ 24. Rf1 Qd2 25. Rc2 Qd4+ 26. Nf2 Rfc8 27. Qxc8+ Rxc8 28. Rxc8+ Kg7 29. Rc7 Nc5 30. Rxe7 Kf8 31. Rc7 Nxe4 32. Rc2 h4 33. Re2 Ng3 34. Re4 Nxe4 0-1


[Site "https://www.chess.com"]

[Event "Titled Tuesday Blitz March 28 Early 2023"]
[White "Acikel, Mert"]
[Black "Vovk, Orest"]
[WhiteFideId "12956465"]
[BlackFideId "14113490"]
[WhiteElo "2097"]
[BlackElo "2215"]
[Result "0-1"]
[Round "04"]
[TimeControl "180+2"]
[Date "2023.03.28"]
[WhiteClock "0:02:41"]
[BlackClock "0:02:51"]

1. e4 g5 2. d4 g4 3. Qxg4 d5 4. Qe2 dxe4 5. Qxe4 Nf6 6. Qd3 Nc6 7. Nf3 Bg4 8. c3 Qd5 9. Be2 O-O-O 10. h3 Bf5 11. Qe3 h5 12. Nbd2 Bh6 0-1


[Site "https://www.chess.com"]

[Event "Titled Tuesday Blitz March 28 Early 2023"]
[White "Hajiyev, Kanan"]
[Black "Zampronha, Wladimir Camilo"]
[WhiteFideId "13404148"]
[BlackFideId "2103087"]
[WhiteElo "2103"]
[BlackElo "2176"]
[Result "1-0"]
[Round "04"]
[TimeControl "180+2"]
[Date "2023.03.28"]
[WhiteClock "0:00:31"]
[BlackClock "0:01:27"]

1. d3 c5 2. Nf3 d5 3. g3 Nc6 4. Bg2 e5 5. O-O Be7 6. c4 d4 7. Qa4 f6 8. a3 Bd7 9. Qc2 Bf5 10. Nbd2 Qd7 11. Ne4 Bxe4 12. dxe4 Bd6 13. Nh4 Nge7 14. f4 O-O 15. e3 dxe3 16. Bxe3 Nd4 17. Bxd4 cxd4 18. b4 b6 19. Qd3 Rac8 20. Rac1 a5 21. Qb3 Kh8 22. f5 axb4 23. axb4 Nc6 24. c5 bxc5 25. bxc5 Be7 26. g4 Rc7 27. Ng6+ hxg6 28. Rf3 1-0


[Site "https://www.chess.com"]

[Event "Titled Tuesday Blitz March 28 Early 2023"]
[White "Davidson, Kevin"]
[Black "Reprintsev, Alexander"]
[WhiteFideId "2056810"]
[BlackFideId "14100541"]
[WhiteElo "2151"]
[BlackElo "2229"]
[Result "1-0"]
[Round "04"]
[TimeControl "180+2"]
[Date "2023.03.28"]
[WhiteClock "0:00:36"]
[BlackClock "0:01:02"]

1. e4 e5 2. Nf3 Nc6 3. Bb5 Bc5 4. c3 f5 5. d4 fxe4 6. dxc5 exf3 7. Qxf3 Qe7 8. Be3 Nf6 9. Nd2 O-O 10. O-O d5 11. cxd6 cxd6 12. Bg5 h6 13. Bxc6 hxg5 14. Bd5+ Nxd5 15. Qxd5+ Be6 16. Qb5 a6 17. Qb4 Rae8 18. Ne4 d5 19. Qxe7 Rxe7 20. Nxg5 Bg4 21. f3 Rf5 22. h4 Bh5 23. Rad1 e4 24. g4 e3 25. Rfe1 Rxf3 26. Nxf3 Bxg4 27. Kg2 Rf7 28. Rxe3 1-0


[Site "https://www.chess.com"]

[Event "Titled Tuesday Blitz March 28 Early 2023"]
[White "Garrido, Denis"]
[Black "Urbina Perez, Juan Antonio"]
[WhiteFideId "601217"]
[BlackFideId "2217368"]
[WhiteElo "2283"]
[BlackElo "2197"]
[Result "1-0"]
[Round "04"]
[TimeControl "180+2"]
[Date "2023.03.28"]
[WhiteClock "0:00:14"]
[BlackClock "0:00:15"]

1. e4 e5 2. Nf3 Nc6 3. Bb5 a6 4. Ba4 Nf6 5. O-O b5 6. Bb3 Bc5 7. c3 d6 8. a4 Bb7 9. d4 Bb6 10. Be3 exd4 11. cxd4 O-O 12. Nbd2 h6 13. d5 Na5 14. Bxb6 cxb6 15. axb5 Nxb3 16. Qxb3 a5 17. Nd4 Re8 18. Rfe1 Ng4 19. Nc6 Qf6 20. Nf3 Rac8 21. h3 Bxc6 22. bxc6 Ne5 23. Nxe5 Rxe5 24. Qxb6 Ree8 25. c7 Qe7 26. Rac1 h5 27. Qxa5 Qe5 28. Rc3 f5 29. Rce3 f4 30. Rc3 g5 31. Rb3 g4 32. hxg4 hxg4 33. Qc3 Qg5 34. e5 f3 35. exd6 Qf5 36. Rxe8+ Rxe8 37. Rb8 Qb1+ 38. Kh2 Qh7+ 39. Kg3 Qd7 40. Rxe8+ Qxe8 41. c8=Q fxg2 42. Qxe8+ Kh7 43. Qch8# 1-0


[Site "https://www.chess.com"]

[Event "Titled Tuesday Blitz March 28 Early 2023"]
[White "Qashashvili, Alexandre"]
[Black "Vivas Zamora, Fabian Ernesto"]
[WhiteFideId "13600842"]
[BlackFideId "3902480"]
[WhiteElo "2405"]
[BlackElo "2262"]
[Result "1/2-1/2"]
[Round "04"]
[TimeControl "180+2"]
[Date "2023.03.28"]
[WhiteClock "0:00:04"]
[BlackClock "0:00:13"]

1. e4 e5 2. Nf3 Nc6 3. Nc3 Nf6 4. d4 exd4 5. Nxd4 Nxe4 6. Nxc6 Nxc3 7. Nxd8 Nxd1 8. Nxf7 Kxf7 9. Kxd1 d5 10. Bd3 Bd6 11. Bg5 h6 12. Bh4 g5 13. Bg3 Bxg3 14. hxg3 h5 15. Kd2 Kf6 16. Be2 h4 17. gxh4 gxh4 18. Rh2 Bf5 19. Rah1 Rag8 20. g3 hxg3 21. Rxh8 g2 22. Rg1 Rxh8 23. Rxg2 Be4 24. f3 Bg6 25. Bd3 Bxd3 26. Kxd3 c5 27. a4 b6 28. b3 Rh3 29. Ke2 Kf5 30. Rg7 a5 31. Rb7 Rh6 32. Kd3 Ke5 33. Rf7 Rh3 34. Ke3 c4 35. bxc4 dxc4 36. Rb7 Rh6 37. c3 Rf6 38. f4+ Rxf4 39. Rxb6 Rh4 40. Rb5+ Kd6 41. Rxa5 Rh3+ 42. Kd4 Rh4+ 43. Ke3 Rh3+ 44. Kd2 Rh2+ 45. Kc1 Kc6 46. Rb5 Ra2 47. Rb4 Kc5 48. Kb1 Rh2 49. Ka1 Rc2 50. Rb2 Rxc3 51. Ra2 Kb6 52. Kb2 Rb3+ 53. Kc2 Rh3 54. a5+ Ka6 55. Ra4 Rh2+ 56. Kc3 Rh3+ 57. Kxc4 Rh4+ 58. Kb3 Rh3+ 59. Kb4 Rh4+ 60. Ka3 Rh5 61. Ka2 Kb5 62. Ra3 Ka6 63. Kb3 Rh3+ 64. Ka4 Rh4+ 65. Kb3 Rh3+ 66. Kb2 Rh2+ 67. Kc1 Rh5 68. Kd2 Rc5 69. Kd3 Rh5 70. Kc4 Rh4+ 71. Kc5 Rh5+ 72. Kb4 Rg5 73. Rc3 Rb5+ 74. Kc4 Rxa5 75. Kb4 Rh5 76. Rc4 Kb6 77. Re4 Rb5+ 78. Kc4 1/2-1/2


[Site "https://www.chess.com"]

[Event "Titled Tuesday Blitz March 28 Early 2023"]
[White "Lauridsen, Jesper Morch"]
[Black "Prabhu, Naveen"]
[WhiteFideId "1401890"]
[BlackFideId "30939372"]
[WhiteElo "2250"]
[BlackElo "2090"]
[Result "0-1"]
[Round "04"]
[TimeControl "180+2"]
[Date "2023.03.28"]
[WhiteClock "0:00:08"]
[BlackClock "0:00:02"]

1. Nf3 Nf6 2. b3 b6 3. Bb2 Bb7 4. e3 e6 5. c4 c5 6. Be2 Be7 7. O-O O-O 8. d4 d5 9. Nc3 dxc4 10. Bxc4 Nc6 11. d5 exd5 12. Nxd5 Nxd5 13. Qxd5 Qxd5 14. Bxd5 Rad8 15. Rad1 Na5 16. Bxb7 Nxb7 17. Ne5 Bf6 18. Ba1 Rfe8 19. f4 Bxe5 20. Bxe5 f6 21. Bc7 Rxd1 22. Rxd1 Rxe3 23. Rd7 Na5 24. Kf2 Re8 25. Kf3 Nc6 26. g4 Re7 27. Rxe7 Nxe7 28. Ke4 Kf7 29. f5 Ke8 30. Bd6 Kd7 31. Bxe7 Kxe7 32. Kd5 Kd7 33. a3 h6 34. h3 Kc7 35. a4 Kd7 36. h4 a6 37. a5 Kc7 38. axb6+ Kxb6 39. Ke6 a5 40. Kf7 a4 41. bxa4 c4 42. Kxg7 c3 43. Kxf6 c2 44. Kg7 c1=Q 45. f6 Qf4 46. f7 Qxg4+ 47. Kxh6 Qxh4+ 48. Kg7 Qg5+ 49. Kh8 Qf6+ 50. Kg8 Qg6+ 51. Kf8 Kc7 52. a5 Kd7 53. a6 Ke6 54. a7 Qxf7# 0-1


[Site "https://www.chess.com"]

[Event "Titled Tuesday Blitz March 28 Early 2023"]
[White "Balague Camps, Marc"]
[Black "Larina, Maria"]
[WhiteFideId "2297914"]
[BlackFideId "24113182"]
[WhiteElo "2089"]
[BlackElo "1848"]
[Result "1-0"]
[Round "04"]
[TimeControl "180+2"]
[Date "2023.03.28"]
[WhiteClock "0:02:07"]
[BlackClock "0:01:11"]

1. d4 f5 2. g3 Nf6 3. Bg2 g6 4. c4 Bg7 5. Nf3 d6 6. O-O O-O 7. Nc3 Nc6 8. d5 Na5 9. Qa4 b6 10. Nd4 Bd7 11. Qb4 Nb7 12. Ne6 Bxe6 13. dxe6 Qc8 14. Nd5 Re8 15. Qb5 c6 16. Nxf6+ Bxf6 17. Qxc6 Qxc6 18. Bxc6 Reb8 19. Rb1 a5 20. Be3 Ra6 21. b3 Nc5 22. f3 Nxe6 23. Bd5 Kf7 24. Kf2 Bc3 25. Rfc1 Bb4 26. g4 Kf6 27. h4 h6 28. Bxh6 Bc5+ 29. Kg3 Nd4 30. g5+ Ke5 31. f4# 1-0


[Site "https://www.chess.com"]

[Event "Titled Tuesday Blitz March 28 Early 2023"]
[White "Kiseleva, Arina"]
[Black "Van Osch, Mees"]
[WhiteFideId "4164989"]
[BlackFideId "1035967"]
[WhiteElo "1756"]
[BlackElo "2324"]
[Result "0-1"]
[Round "04"]
[TimeControl "180+2"]
[Date "2023.03.28"]
[WhiteClock "0:00:01"]
[BlackClock "0:00:08"]

1. d4 d6 2. Nf3 Nf6 3. c4 Bg4 4. Qb3 Qc8 5. h3 Bh5 6. g4 Bg6 7. Bg2 Nc6 8. Be3 e6 9. Nbd2 Be7 10. Nh4 Rb8 11. Nxg6 hxg6 12. Qa4 d5 13. cxd5 Nxd5 14. Bxd5 exd5 15. Nf3 b5 16. Qb3 Qxg4 17. hxg4 Rxh1+ 18. Kd2 Rxa1 19. Qxd5 Nb4 20. Qe5 Rxa2 21. d5 Rd8 22. Bd4 Rxd5 23. Qxg7 c5 24. Qg8+ Kd7 25. Qxf7 cxd4 26. Qxg6 Rxb2+ 27. Kd1 Rc5 28. Nd2 Ra2 29. Qe4 Ra1+ 30. Nb1 Nd5 31. Kd2 Ra2+ 32. Kd1 Nc3+ 33. Nxc3 dxc3 34. Qd3+ Kc6 35. Qf3+ Rd5+ 0-1


[Site "https://www.chess.com"]

[Event "Titled Tuesday Blitz March 28 Early 2023"]
[White "Ansh M Shah"]
[Black "EdmundPlayer"]
[WhiteFideId "25033379"]
[WhiteElo "2084"]
[BlackElo "2195"]
[Result "0-1"]
[Round "04"]
[TimeControl "180+2"]
[Date "2023.03.28"]
[WhiteClock "0:00:09"]
[BlackClock "0:00:43"]

1. d4 Nf6 2. c4 g6 3. h4 Bg7 4. Nc3 d5 5. h5 Nxh5 6. cxd5 c6 7. e4 cxd5 8. e5 Bf8 9. g4 Ng7 10. Bh6 Ne6 11. Bxf8 Nxf8 12. Qb3 e6 13. Nf3 Nc6 14. Bb5 Qb6 15. Bxc6+ bxc6 16. Qxb6 axb6 17. O-O-O Ba6 18. Rh6 c5 19. Rdh1 Rc8 20. a3 Ke7 21. Kd2 cxd4 22. Nxd4 Rc4 23. Ke3 Nd7 24. f4 g5 25. fxg5 Nxe5 26. R1h4 Rg8 27. Rxh7 Rxg5 28. Kf4 Ng6+ 29. Kxg5 Nxh4 30. Nxe6 Nf3+ 31. Kf5 Bc8 32. Nxd5+ Kd6 33. Nxb6 Bxe6+ 34. Kf6 Rf4+ 35. Kg7 Rxg4+ 36. Kf8 f5 37. b4 Rg8# 0-1


[Site "https://www.chess.com"]

[Event "Titled Tuesday Blitz March 28 Early 2023"]
[White "Ramirez, Maria Eugenia"]
[Black "Titichoca Daza, Daniel"]
[WhiteFideId "3301680"]
[BlackFideId "3309550"]
[WhiteElo "1842"]
[BlackElo "2095"]
[Result "0-1"]
[Round "04"]
[TimeControl "180+2"]
[Date "2023.03.28"]
[WhiteClock "0:00:03"]
[BlackClock "0:00:56"]

1. e4 e5 2. Nf3 Nc6 3. Nc3 Nf6 4. Bb5 Bb4 5. O-O Bxc3 6. dxc3 O-O 7. Bxc6 bxc6 8. Nxe5 Nxe4 9. Qf3 f5 10. b3 Qf6 11. Nc4 Qxc3 12. Ba3 d6 13. Qe2 Ba6 14. Rfd1 Bxc4 15. Qxc4+ Qxc4 16. bxc4 Rab8 17. f3 Nf6 18. Rd3 Rfe8 19. Kf2 Kf7 20. Rb3 Nd7 21. Rab1 Rb6 22. Rd1 c5 23. f4 Nf6 24. Bb2 Re4 25. g3 Rxc4 26. Rd2 Ne4+ 27. Ke2 Nxd2 28. Kxd2 Rxb3 29. cxb3 Re4 30. Kd3 g6 31. Bc3 h5 32. a3 h4 33. a4 h3 34. a5 Ke6 35. a6 Kd5 36. Ba5 Kc6 37. Bc3 d5 38. Be5 Re1 39. Kd2 Rh1 40. Ke3 Rxh2 41. Kf3 Ra2 42. g4 h2 0-1


[Site "https://www.chess.com"]

[Event "Titled Tuesday Blitz March 28 Early 2023"]
[White "Buscar, Michael"]
[Black "Baruch, Liam"]
[WhiteFideId "2603616"]
[BlackFideId "14322064"]
[WhiteElo "2010"]
[BlackElo "2151"]
[Result "1-0"]
[Round "04"]
[TimeControl "180+2"]
[Date "2023.03.28"]
[WhiteClock "0:02:06"]
[BlackClock "0:01:05"]

1. Nf3 d5 2. b3 Nf6 3. Bb2 c5 4. e3 Nc6 5. c4 e6 6. cxd5 exd5 7. Be2 Bd6 8. O-O Bf5 9. d3 O-O 10. a3 Rc8 11. Nbd2 Kh8 12. Qc2 Qc7 13. Rfe1 Rfe8 14. Nf1 Ne5 15. Ng3 Bg6 16. Rac1 Qe7 17. Qc3 Neg4 18. b4 Nxf2 19. Kxf2 Qxe3+ 20. Kf1 Ng4 21. Qxg7# 1-0


[Site "https://www.chess.com"]

[Event "Titled Tuesday Blitz March 28 Early 2023"]
[White "Necula, Iulian"]
[Black "Kosakowski, Jakub"]
[WhiteFideId "1232380"]
[BlackFideId "1185080"]
[WhiteElo "1790"]
[BlackElo "2488"]
[Result "0-1"]
[Round "04"]
[TimeControl "180+2"]
[Date "2023.03.28"]
[WhiteClock "0:00:10"]
[BlackClock "0:00:39"]

1. d4 Nf6 2. Nc3 d5 3. Bf4 e6 4. Nb5 Bb4+ 5. c3 Ba5 6. a4 a6 7. b4 axb5 8. axb5 b6 9. bxa5 Rxa5 10. Rxa5 bxa5 11. Qa4 O-O 12. Qxa5 Qe7 13. Qb4 Qd7 14. Nf3 Ne4 15. Ne5 Qe8 16. e3 c6 17. b6 f6 18. Nd3 e5 19. Bg3 exd4 20. Qxd4 Ba6 21. Be2 Nd7 22. O-O Bc4 23. Nf4 c5 24. Qd1 Nxc3 25. Qd2 Nxe2+ 26. Nxe2 Qe6 27. b7 Qb6 28. b8=Q Nxb8 29. Rc1 Nc6 30. Nc3 Rd8 31. h4 d4 32. exd4 Nxd4 33. Qe3 Qb2 34. Kh2 Nf5 35. Qf4 Bf7 36. Qxf5 Qxc1 37. Ne4 c4 38. Nd6 Qd2 39. h5 Qd5 40. Qf4 Qxh5+ 41. Bh4 g5 42. g4 Qxh4+ 43. Kg2 gxf4 0-1


[Site "https://www.chess.com"]

[Event "Titled Tuesday Blitz March 28 Early 2023"]
[White "Manukyan, Sargis A."]
[Black "Lesbekova, Assel"]
[WhiteFideId "13303970"]
[BlackFideId "13713248"]
[WhiteElo "2187"]
[BlackElo "1799"]
[Result "1-0"]
[Round "04"]
[TimeControl "180+2"]
[Date "2023.03.28"]
[WhiteClock "0:02:37"]
[BlackClock "0:00:44"]

1. d4 Nf6 2. c4 e6 3. Nc3 Bb4 4. a3 Bxc3+ 5. bxc3 c5 6. e3 Nc6 7. Bd3 d6 8. Ne2 O-O 9. O-O e5 10. Ng3 Bg4 11. f3 Bd7 12. d5 Ne7 13. f4 exf4 14. exf4 Ng6 15. f5 Ne5 16. Bg5 h6 17. Bh4 Neg4 18. Nh5 Ne3 19. Qc1 Re8 20. Rf3 Neg4 21. h3 Qa5 22. hxg4 1-0


[Site "https://www.chess.com"]

[Event "Titled Tuesday Blitz March 28 Early 2023"]
[White "Lenaerts, Lennert"]
[Black "Georg, Heinz"]
[WhiteFideId "211435"]
[BlackFideId "4607295"]
[WhiteElo "2334"]
[BlackElo "2236"]
[Result "1-0"]
[Round "04"]
[TimeControl "180+2"]
[Date "2023.03.28"]
[WhiteClock "0:00:58"]
[BlackClock "0:00:19"]

1. d4 f5 2. Bf4 Nf6 3. e3 e6 4. h4 b6 5. Be2 Bb7 6. Bf3 Nc6 7. a3 d5 8. c4 Bd6 9. Bxd6 Qxd6 10. Nc3 dxc4 11. Qa4 O-O 12. Qxc4 Na5 13. Qe2 Ne4 14. Nh3 Nb3 15. Rd1 Nxc3 16. bxc3 Bxf3 17. Qxf3 Qxa3 18. O-O a5 19. Nf4 Qd6 20. c4 e5 21. c5 e4 22. cxd6 exf3 23. dxc7 fxg2 24. Kxg2 Rac8 25. Nd5 b5 26. Ne7+ Kf7 27. Nxc8 Rxc8 28. Rd3 a4 29. Rc3 Ke6 30. Rb1 Kd7 31. Rbxb3 axb3 32. Rxb3 Kc6 33. d5+ Kc5 34. d6 Kxd6 35. Rxb5 g6 36. h5 Kxc7 37. Ra5 Kb6 38. Re5 Rg8 39. Kf3 Kc6 40. Re7 Rh8 41. Kf4 Kd6 42. Rg7 gxh5 43. Rg5 Ke6 44. Rxh5 Rf8 45. Rxh7 Rf6 46. Ra7 Rf8 47. Ra5 Rh8 48. Re5+ 1-0


[Site "https://www.chess.com"]

[Event "Titled Tuesday Blitz March 28 Early 2023"]
[White "Turzo, Attila"]
[Black "Aanna12"]
[WhiteFideId "704954"]
[WhiteElo "2507"]
[BlackElo "2220"]
[Result "1-0"]
[Round "04"]
[TimeControl "180+2"]
[Date "2023.03.28"]
[WhiteClock "0:00:13"]
[BlackClock "0:00:01"]

1. e4 c5 2. Nc3 d6 3. f4 g6 4. Nf3 Bg7 5. Bb5+ Bd7 6. a4 Nc6 7. O-O a6 8. Bxc6 Bxc6 9. Qe1 e6 10. f5 Nf6 11. fxe6 fxe6 12. e5 dxe5 13. Nxe5 Rc8 14. Nxc6 Rxc6 15. Kh1 O-O 16. d3 Ng4 17. h3 Nh6 18. Bxh6 Bxh6 19. Rxf8+ Qxf8 20. Qe2 Bg7 21. Ne4 Qf5 22. Rf1 Qe5 23. b3 Rc8 24. Re1 Qd5 25. Ng5 e5 26. Qe4 Qd4 27. Nf3 Qxe4 28. Rxe4 Re8 29. a5 Kf7 30. Kg1 h6 31. Kf1 Re6 32. Ke2 Ke7 33. b4 Kd6 34. Nd2 cxb4 35. Rxb4 Kc6 36. Nc4 Re7 37. Rb6+ Kd5 38. Rxg6 e4 39. Kd2 exd3 40. cxd3 Kc5 41. Rb6 Bd4 42. Rd6 Rf7 43. Rxh6 Rf2+ 44. Ke1 Rxg2 45. Rb6 1-0


[Site "https://www.chess.com"]

[Event "Titled Tuesday Blitz March 28 Early 2023"]
[White "rionelG"]
[Black "Hirneise, Jens"]
[BlackFideId "24614734"]
[WhiteElo "2225"]
[BlackElo "2345"]
[Result "1-0"]
[Round "04"]
[TimeControl "180+2"]
[Date "2023.03.28"]
[WhiteClock "0:00:06"]
[BlackClock "0:00:07"]

1. e4 d5 2. exd5 Nf6 3. d4 Nxd5 4. c4 Nb6 5. Nc3 g6 6. Nf3 Bg7 7. Be2 O-O 8. h3 Nc6 9. Be3 e5 10. d5 Ne7 11. O-O Nf5 12. c5 Nxe3 13. fxe3 Nd7 14. b4 a5 15. a3 e4 16. Nd4 axb4 17. axb4 Rxa1 18. Qxa1 Qg5 19. Qc1 Nf6 20. Kh1 Nxd5 21. Nxd5 Qxd5 22. Bc4 Qh5 23. Qc2 Qe5 24. Rf4 Kh8 25. Qxe4 Qh5 26. Rxf7 Rxf7 27. Bxf7 Qe5 28. Qf3 Bh6 29. Nc2 Qf5 30. Bd5 c6 31. Be4 Qxf3 32. Bxf3 Bf5 33. e4 Bc8 34. Kg1 Kg7 35. Kf2 Kf6 36. Ne3 Ke5 37. Nc4+ Kd4 38. Nd6 Be6 39. Nxb7 Kc4 40. Nd8 Bd7 41. e5 Kxb4 42. e6 Be8 43. Bxc6 Kxc5 44. Bxe8 Kd6 45. Bd7 Ke7 46. Nc6+ Kd6 47. Nd4 Be3+ 48. Kxe3 Ke7 49. Ke4 Kd6 50. Nb5+ Ke7 51. Ke5 g5 52. Nd4 h6 53. Nc6+ Kf8 54. Kf6 g4 55. e7+ Kg8 56. e8=Q+ Kh7 57. Bf5# 1-0


[Site "https://www.chess.com"]

[Event "Titled Tuesday Blitz March 28 Early 2023"]
[White "Ljukin, Sergei"]
[Black "Fernandez Sanchez, Mario Andres"]
[WhiteFideId "14102200"]
[BlackFideId "6501621"]
[WhiteElo "2312"]
[BlackElo "2050"]
[Result "0-1"]
[Round "04"]
[TimeControl "180+2"]
[Date "2023.03.28"]
[WhiteClock "0:00:01"]
[BlackClock "0:00:42"]

1. e4 c6 2. d4 d5 3. e5 c5 4. Nf3 Nc6 5. c4 cxd4 6. Nxd4 e6 7. Nc3 Nge7 8. cxd5 Nxd5 9. Nxc6 bxc6 10. Be2 Bb4 11. Bd2 O-O 12. O-O a5 13. a3 Nxc3 14. bxc3 Bc5 15. Qc2 Ba6 16. c4 Qe7 17. a4 Bd4 18. Rab1 Qc5 19. Qe4 Bxc4 20. Rbc1 Qd5 21. Qg4 Bxe2 22. Qxe2 c5 23. Bf4 Rab8 24. Qg4 Rb4 25. Qg3 Rxa4 26. Rce1 f6 27. exf6 Rxf6 28. Bg5 Rf5 29. Qb8+ Kf7 0-1


[Site "https://www.chess.com"]

[Event "Titled Tuesday Blitz March 28 Early 2023"]
[White "Palacio,Igor Da Paz"]
[Black "ArchibaldCerveza29"]
[WhiteFideId "2121140"]
[WhiteElo "2126"]
[BlackElo "2485"]
[Result "0-1"]
[Round "04"]
[TimeControl "180+2"]
[Date "2023.03.28"]
[WhiteClock "0:00:01"]
[BlackClock "0:00:18"]

1. e4 e5 2. Nf3 Nc6 3. c3 d5 4. Qa4 f6 5. d3 Ne7 6. b4 Bd7 7. b5 Nb8 8. Qb3 Be6 9. c4 c6 10. a4 Nd7 11. Ba3 dxe4 12. dxe4 Ng6 13. Nbd2 Bxa3 14. Qxa3 Qe7 15. Qxe7+ Kxe7 16. g3 Nc5 17. h4 h5 18. Be2 Rhd8 19. Ra3 Nf8 20. O-O Bg4 21. Rd1 Nfe6 22. Kf1 Rd6 23. Ke1 Rad8 24. a5 Bxf3 25. Bxf3 Nd4 26. Rc3 Nxf3+ 27. Rxf3 Nxe4 28. Nxe4 Rxd1+ 29. Ke2 Ra1 30. bxc6 bxc6 31. Rd3 Rxd3 32. Kxd3 Rxa5 33. Kc3 Ra2 34. Kb3 Re2 35. Nc5 Rxf2 0-1


[Site "https://www.chess.com"]

[Event "Titled Tuesday Blitz March 28 Early 2023"]
[White "Mazurkiewicz, Michal"]
[Black "Adury, Anant"]
[WhiteFideId "1124943"]
[BlackFideId "30964687"]
[WhiteElo "2054"]
[BlackElo "2209"]
[Result "1-0"]
[Round "04"]
[TimeControl "180+2"]
[Date "2023.03.28"]
[WhiteClock "0:00:14"]
[BlackClock "0:00:05"]

1. e3 g6 2. b3 Bg7 3. Nc3 b6 4. Bb2 Bb7 5. f4 d6 6. Nf3 Nd7 7. Be2 e6 8. O-O Ne7 9. a4 a6 10. e4 O-O 11. d4 c5 12. Kh1 cxd4 13. Nxd4 d5 14. e5 Nc6 15. Bf3 Nxd4 16. Qxd4 Qc7 17. Rac1 Qc5 18. Ne2 Rab8 19. Rfd1 Rfc8 20. c4 Qxd4 21. Rxd4 Nc5 22. cxd5 exd5 23. Bxd5 Bxd5 24. Rxd5 Nxb3 25. Rcd1 Bf8 26. Nd4 Nxd4 27. Bxd4 Rd8 28. Be3 Rxd5 29. Rxd5 b5 30. axb5 axb5 31. Ba7 Ra8 32. Bd4 b4 33. Rb5 Rd8 34. Bg1 Rd1 35. h4 b3 36. Kh2 Rd3 37. h5 gxh5 38. f5 Kg7 39. Rb7 h4 40. Bf2 Rd5 41. e6 Rxf5 42. Bd4+ Kg6 43. e7 Bxe7 44. Rxe7 Rb5 45. Re2 Rb4 46. Bb2 f5 47. Re6+ Kf7 48. Rf6+ Kg7 49. Rxf5+ Kg6 50. Rf2 h5 51. Kh3 Kg5 52. Rd2 Kg6 53. Rd6+ Kf7 54. Rf6+ Kg7 55. Rb6+ 1-0


[Site "https://www.chess.com"]

[Event "Titled Tuesday Blitz March 28 Early 2023"]
[White "Ramirez Vido, Robert Yorisan"]
[Black "Fabris, Alberto"]
[WhiteFideId "3513823"]
[BlackFideId "801348"]
[WhiteElo "2384"]
[BlackElo "2206"]
[Result "1-0"]
[Round "04"]
[TimeControl "180+2"]
[Date "2023.03.28"]
[WhiteClock "0:00:17"]
[BlackClock "0:00:08"]

1. f4 d5 2. Nf3 g6 3. g3 Bg7 4. Bg2 Nh6 5. d3 O-O 6. O-O c5 7. e4 dxe4 8. dxe4 Qxd1 9. Rxd1 Ng4 10. h3 Nf6 11. e5 Nfd7 12. Nc3 Nb6 13. a4 Nc6 14. a5 Nd7 15. Ng5 h6 16. e6 fxe6 17. Nxe6 Bd4+ 18. Kh2 Rf6 19. Nc7 Rb8 20. N3d5 Rf7 21. c3 Bg7 22. Ne6 Nf8 23. Nxg7 Kxg7 24. Be3 b6 25. Nxb6 axb6 26. Bxc6 bxa5 27. Rd2 Bb7 28. Bxb7 Rxb7 29. Rxa5 c4 30. Rc5 e6 31. Rxc4 Rb3 32. Bc5 Nh7 33. Bb4 Nf6 34. Rc6 Nd5 35. Rxe6 Nxb4 36. cxb4 Rxb4 37. h4 Rfb7 38. Rdd6 Rxb2+ 39. Kh3 g5 40. Rg6+ Kf7 41. Rdf6+ Ke7 42. hxg5 hxg5 43. fxg5 R7b4 44. Rg7+ Ke8 45. Rc6 Kf8 46. Rh7 Kg8 47. g6 Rb8 48. Rcc7 R2b6 49. Rhg7+ Kh8 50. Kh4 Rd8 51. g4 Rb1 52. Rh7+ Kg8 53. Rcg7+ Kf8 54. Rf7+ Kg8 55. Rhg7+ Kh8 56. Kg5 Rb5+ 57. Kh6 Re8 58. Rh7+ Kg8 59. Rfg7+ Kf8 60. Rh8# 1-0


[Site "https://www.chess.com"]

[Event "Titled Tuesday Blitz March 28 Early 2023"]
[White "Tagliata"]
[Black "Corredor Castellanos, Camilo"]
[BlackFideId "4425871"]
[WhiteElo "2196"]
[BlackElo "1994"]
[Result "0-1"]
[Round "04"]
[TimeControl "180+2"]
[Date "2023.03.28"]
[WhiteClock "0:00:23"]
[BlackClock "0:00:23"]

1. e4 c5 2. Nf3 d6 3. Bb5+ Nd7 4. c4 a6 5. Ba4 Rb8 6. Nc3 e5 7. a3 Nf6 8. b4 cxb4 9. axb4 Be7 10. O-O O-O 11. d3 a5 12. bxa5 Nc5 13. Bb5 Bg4 14. Ba3 Nfd7 15. h3 Bh5 16. Nd5 f5 17. exf5 Rxf5 18. g4 Bh4 19. gxf5 e4 20. dxe4 Ne5 21. Qc1 Bxf3 22. Bxc5 dxc5 23. Qf4 Ra8 24. Qxe5 Qg5+ 25. Qg3 Bxg3 26. Ne7+ Kf7 27. Rfc1 Bf4+ 0-1


[Site "https://www.chess.com"]